 Dungeon Crawl Stone Soup version 0.18.1-6-gd335043 (webtiles) character file.

653 epen the Ducker (level 7, -1/41 HPs)
             Began as a Tengu Artificer on May 16, 2016.
             Slain by Eustachio
             ... wielding a +2 rapier of flaming
              (3 damage)
             ... while paralysed by Grinder
             ... on level 5 of the Dungeon.
             The game lasted 00:08:44 (4729 turns).

epen the Ducker (Tengu Artificer)                   Turns: 4729, Time: 00:08:45

Health: -1/41      AC:  6    Str: 18      XL:     7   Next: 54%
Magic:  11/11      EV:  2    Int: 14      God:
Gold:   118        SH:  0    Dex: 13 (14) Spells: 0 memorised, 6 levels left

rFire  . . .     SeeInvis .       - Unarmed
rCold  . . .     Gourm    .     o - +0 ring mail
rNeg   . . .     Faith    .     (no shield)
rPois  .         Spirit   .     (helmet restricted)
rElec  .         Dismiss  .     k - +0 cloak
rCorr  .         Reflect  .     (no gloves)
SustAt .         Harm     .     (boots unavailable)
MR     .....                    (no amulet)
Stlth  +.........               y - +2 ring of intelligence
                                u - +4 ring of strength

@: paralysed, not resistant to hostile enchantments, very unstealthy
A: beak, talons 3, high mp 1, able to fly 1
a: Fly


You were on level 5 of the Dungeon.
You were not hungry.

You visited 1 branch of the dungeon, and saw 5 of its levels.

You collected 118 gold pieces.

Inventory:

Hand Weapons
 a - a +1 short sword
Armour
 b - a +0 leather armour
 k - a +0 cloak (worn)
 o - a +0 ring mail (worn)
 p - a +0 pair of boots
Jewellery
 t - an uncursed amulet of dismissal
 u - a +4 ring of strength (left hand)
 y - a +2 ring of intelligence (right hand)
Wands
 c - a wand of flame (0/48)
 d - a wand of enslavement (8/24)
 e - a wand of random effects (9/48)
Scrolls
 i - a scroll of remove curse
 m - 3 scrolls of identify
 r - 2 scrolls of amnesia
 s - 2 scrolls of noise
 z - 2 scrolls of teleportation
Potions
 h - a potion of might
 l - 2 potions of curing
 q - a potion of berserk rage
 v - a potion of haste
 A - a potion of lignification
Comestibles
 f - 3 bread rations
 g - 2 meat rations
 w - a slice of pizza
 x - 3 beef jerkies
 B - 3 fruits


   Skills:
 + Level 3.3 Fighting
 - Level 1.1 Short Blades
 + Level 2.6 Armour
 * Level 5.0 Dodging
 - Level 1.0 Stealth
 * Level 4.6 Unarmed Combat
 + Level 3.9 Evocations


You had 6 spell levels left.
You didn't know any spells.

Dungeon Overview and Level Annotations

Branches:
Dungeon (5/15)
 Temple: D:4-7

Altars:
Cheibriados
Dithmenos
Gozag

Annotations:
D:5 Eustachio, Grinder, Prince Ribbit


Innate Abilities, Weirdness & Mutations

You have a beak for a mouth.
You have claws for feet.
You can fly.
You have an increased reservoir of magic (+10% MP).


Message History

The quasit claws you but does no damage. x2
The bat completely misses you.
You hear some strange, mumbled words.
The white imp hits you but does no damage.
The river rat bites you.
* * * LOW HITPOINT WARNING * * *
The quasit bites you but does no damage.
The quasit claws you but does no damage. x2
The giant newt bites you but does no damage.
The bat completely misses you. The white imp gestures at you.
Helpless, you fail to dodge the puff of frost.
* * * LOW HITPOINT WARNING * * *
The river rat bites you but does no damage.
The quasit bites you but does no damage.
The quasit barely misses you. The quasit claws you.
* * * LOW HITPOINT WARNING * * *
The giant newt bites you but does no damage.
Something hits you.
You die...

.. #...######.##########
......##.#....##..##.[.....#
............#....###.......#
....#............###.......#
.............###..##.......#
...........#.####.##......>#
.............5..5..........#
...............5l5.#.......#
................@ยง##.......#
..........##....br.........#
........l.#.............####
###......................#
.(.......................#
.........................#
#####....................# #
###.#..........)[....# #
#.#.#........)....##


You could see Grinder, a quasit, a crimson imp, a river rat, a white imp, a bat
and a giant newt.

Vanquished Creatures
  A centaur (D:5)
  3 howler monkeys
  A jelly (D:5)
  A giant frog zombie (D:5)
  A giant frog skeleton (D:5)
  An orc priest (D:4)
  2 worker ants (D:4)
  8 adders
  An ooze (D:3)
  An adder skeleton (D:4)
  2 worms
  A dart slug (D:4)
  3 giant geckos
  2 orcs
  6 giant cockroaches
  6 goblins
  11 hobgoblins
  2 jackals (D:2)
  9 kobolds
  4 quokkas
  5 bats
  A giant gecko skeleton (D:4)
  4 giant newts
  8 rats
84 creatures vanquished.

Vanquished Creatures (collateral kills)
  3 orcs (D:5)
  A hobgoblin (D:2)
4 creatures vanquished.

Vanquished Creatures (others)
  An ogre (D:4)
  2 orcs (D:4)
3 creatures vanquished.

Grand Total: 91 creatures vanquished

Notes
Turn   | Place    | Note
--------------------------------------------------------------
     0 | D:1      | epen the Tengu Artificer began the quest for the Orb.
     0 | D:1      | Reached XP level 1. HP: 12/12 MP: 4/4
   323 | D:1      | Reached XP level 2. HP: 9/16 MP: 5/5
   658 | D:1      | Reached skill level 1 in Unarmed Combat
  1346 | D:2      | Reached XP level 3. HP: 15/20 MP: 6/6
  1483 | D:2      | Reached skill level 3 in Dodging
  2070 | D:3      | Reached skill level 1 in Armour
  2070 | D:3      | Reached XP level 4. HP: 20/26 MP: 7/7
  2386 | D:3      | Gained mutation: You have an increased reservoir of magic (+10% MP). [potion of beneficial mutation]
  2853 | D:4      | Found a snail-covered altar of Cheibriados.
  2873 | D:4      | Gained mutation: You can fly. [Tengu growth]
  2873 | D:4      | Reached XP level 5. HP: 17/30 MP: 9/9
  3154 | D:4      | Reached skill level 4 in Dodging
  3165 | D:4      | Reached XP level 6. HP: 15/36 MP: 10/10
  3719 | D:4      | Found an opulent altar of Gozag.
  4050 | D:5      | Entered Level 5 of the Dungeon
  4062 | D:5      | Reached XP level 7. HP: 28/40 MP: 11/11
  4265 | D:5      | Found a shadowy altar of Dithmenos.
  4279 | D:5      | Noticed Eustachio
  4432 | D:5      | Noticed Grinder
  4433 | D:5      | Noticed Prince Ribbit
  4674 | D:5      | Reached skill level 5 in Dodging
  4725 | D:5      | Paralysed by Grinder for 6 turns
  4729 | D:5      | HP: 2/41 [quasit[Eustachio] (1)]
  4729 | D:5      | Slain by Eustachio

Skill      XL: |  1  2  3  4  5  6  7 |
---------------+----------------------+-----
Unarmed Combat | 1 2 3 4 |  4.6
Dodging        | 3 4 5 |  5.0
Armour         | 1 2 |  2.6
Fighting       | 2 3 |  3.3
Short Blades   | |  1.1
Stealth        | |  1.0
Evocations     | |  3.9

Action                   |  1- 3 |  4- 6 |  7- 9 || total
-------------------------+-------+-------+-------++-------
Melee: Unarmed           |   175 |   128 |    41 ||   344
       Kick              |    44 |    37 |    17 ||    98
       Peck              |    21 |    24 |     4 ||    49
       Punch             |       |     2 |     2 ||     4
Evoke: Wand              |     3 |    18 |     7 ||    28
  Use: Potion            |       |     5 |       ||     5
       Scroll            |       |       |     9 ||     9
 Stab: Sleeping          |     1 |       |       ||     1
  Eat: Chunk             |     4 |     6 |     1 ||    11
       Pizza             |       |       |     1 ||     1
Armor: Leather armour    |    12 |       |       ||    12
       Ring mail         |    38 |    25 |    43 ||   106
Dodge: Dodged            |   125 |    78 |    37 ||   240
